 Dungeon Crawl Stone Soup version 0.20-a0-941-gba1b1f9 (webtiles) character file.

43 lauthentik the Sneak (level 3, -1/25 HPs)
             Began as a Vampire Enchanter on Mar 31, 2017.
             Slain by a goblin (3 damage)
             ... led by Robin
             ... on level 3 of the Dungeon.
             The game lasted 00:03:40 (981 turns).

lauthentik the Sneak (Vampire Enchanter)             Turns: 981, Time: 00:03:41

Health: -1/25      AC:  2    Str:  7    XL:     3   Next: 37%
Magic:  4/6        EV: 12    Int: 18    God:
Gold:   79         SH:  0    Dex: 14    Spells: 3/6 levels left

rFire    . . .     SeeInvis +   a - +1 dagger
rCold    + . .     Gourm    .   (no shield)
rNeg     + + .     Faith    .   b - +0 robe
rPois    +         Spirit   .   (no helmet)
rElec    .         Reflect  .   (no cloak)
rCorr    .         Harm     .   (no gloves)
MR       .....                  (no boots)
Stlth    ++++......             (no amulet)
Regen    0.1/turn               (no ring)
MPRegen  0.1/turn               (no ring)

@: regenerating slowly
A: fangs 3, see invisible, unbreathing
a: Bat Form


You were on level 3 of the Dungeon.
You were thirsty.

You visited 1 branch of the dungeon, and saw 3 of its levels.

You collected 79 gold pieces.

Inventory:

Hand Weapons
 a - a +1 dagger (weapon)
Missiles
 k - 5 tomahawks (quivered)
Armour
 b - a +0 robe (worn)
 f - a +0 pair of boots
Jewellery
 g - an uncursed ring of poison resistance {unknown}
Scrolls
 e - 2 scrolls of identify {unknown}
 h - a scroll of blinking {unknown}
 i - a scroll of teleportation {unknown}
 l - a scroll of remove curse {unknown}
Potions
 d - 6 potions of blood
 j - a potion of heal wounds {unknown}
Books
 c - a book of Maledictions

   Spells                             Type                      Level
   a - Corona                         Hexes                        1
   b - Ensorcelled Hibernation        Hexes/Ice                    2
   c - Confuse                        Hexes                        3
   d - Tukima's Dance                 Hexes                        3
   e - Dazzling Spray                 Conjuration/Hexes            3


   Skills:
 + Level 0.3 Fighting
 + Level 1.5 Short Blades
 + Level 2.1 Dodging
 + Level 5.4 Stealth
 + Level 2.3 Spellcasting
 + Level 4.8 Hexes
 + Level 0.4 Ice Magic


You had 3 spell levels left.
You knew the following spells:

 Your Spells              Type           Power        Failure   Level  Hunger
a - Ensorcelled Hibernat  Hex/Ice        ##....       12%         2    ##.....
b - Corona                Hex            ###....      2%          1    #......


Dungeon Overview and Level Annotations

Branches:
Dungeon (3/15)

Altars:

Annotations:
D:2 Robin


Innate Abilities, Weirdness & Mutations

You heal slowly.
You have razor-sharp teeth.
You have supernaturally acute eyesight. (SInv)
You can survive without breathing.


Message History

* * * LOW HITPOINT WARNING * * *
The goblin closely misses you.
The hobgoblin hits you but does no damage.
The hobgoblin shouts!
Robin roars a battlecry!
The goblins go into a battle-frenzy!
The goblin barely misses you. The goblin hits you.
* * * LOW HITPOINT WARNING * * *
The hobgoblin barely misses you.
You climb downwards.
Found 17 gold pieces.
There is a stone staircase leading up here.
Casting: Ensorcelled Hibernation
Confirm with . or Enter, or press ? or * to list all spells.
Aiming: Ensorcelled Hibernation
Press: ? - help, Shift-Dir - straight line, f - goblin
Aim: a goblin (unusually strong, chance to defeat MR: 60%)
The goblin resists with significant effort.
The goblin hits you.
You die...

# ## .#
... ####.
.... ...
....
#g#..#
#@gg.#
###.....#
.##.. .#
#


You could see a hobgoblin and 2 goblins.

Vanquished Creatures
  An adder (D:2)
  2 dart slugs (D:1)
  A leopard gecko (D:1)
  2 giant cockroaches (D:1)
  6 goblins
  2 hobgoblins
  A ball python (D:1)
  4 bats (D:1)
  4 frilled lizards (D:1)
  3 kobolds (D:1)
  4 rats (D:1)
30 creatures vanquished.

Notes
Turn   | Place    | Note
-------+----------+-------------------------------------------
     0 | D:1      | lauthentik the Vampire Enchanter began the quest for the Orb.
     0 | D:1      | Reached XP level 1. HP: 13/13 MP: 3/3
   200 | D:1      | Reached XP level 2. HP: 5/19 MP: 3/5
   204 | D:1      | Learned a level 2 spell: Ensorcelled Hibernation
   480 | D:1      | Reached skill level 5 in Stealth
   780 | D:1      | Reached XP level 3. HP: 25/25 MP: 6/6
   950 | D:2      | Noticed Robin
   979 | D:2      | HP: 1/25 [goblin[Robin] (3)]
   981 | D:3      | Slain by a goblin

Vault maps used:
D:1:      evilmike_arrival_hilbert_curve, minmay_close_crescents
D:2:      nicolae_tso_swordbearing_angel, uniq_robin
D:3:      minmay_goblin_kobold_castle, overflow_temple_1_default,
          fiery_altar_vehumet, trog_wizard

Skill      XL: |  1  2 |
---------------+-------+-----
Stealth        | 5 |  5.4
Fighting       | |  0.3
Short Blades   | |  1.5
Dodging        | |  2.1
Spellcasting   | |  2.3
Hexes          | |  4.8
Ice Magic      | |  0.4

Action                   || total
-------------------------++-------
Melee: Dagger            ||    76
       Bite              ||     5
 Cast: Corona            ||     8
       Ensorcelled Hiber ||    10
 Stab: Sleeping          ||    14
Armor: Robe              ||    13
Dodge: Dodged            ||    68
